 Seeded DCSS version 0.29.1-1-gd02db6906a (webtiles) character file.

Game seed: 1 (custom seed)

9636 Kazon the Charlatan (level 11, -15/72 (91) HPs)
             Began as a Demigod Fighter on Oct 7, 2022.
             Demolished by a two-headed ogre
             ... wielding a +0 giant club
              (19 damage)
             ... on level 9 of the Dungeon.
             The game lasted 00:47:39 (9520 turns).

Kazon the Charlatan (Demigod Fighter)               Turns: 9520, Time: 00:47:39

HP:   -15/72 (91)   AC: 17    Str: 25    XL:     11   Next: 5%
MP:   14/14         EV:  8    Int: 10    God:
Gold: 388           SH:  6    Dex: 17    Spells: 10/10 levels left

rFire   . . .      SeeInvis .   s - +3 falchion of Winter {venom, rCorr}
rCold   + . .      Faith    .   c - +0 buckler
rNeg    + . .      Spirit   .   K - +0 plate armour
rPois   .          Reflect  .   k - +0 helmet
rElec   .          Harm     .   (no cloak)
rCorr   +          Rampage  .   (no gloves)
Will    +....                   l - +2 pair of boots
Stlth   ..........              f - amulet of the acrobat
HPRegen 0.22/turn               r - ring of positive energy
MPRegen 0.14/turn               H - ring of protection from cold

@: heavily drained
A: high MP 1, forlorn, divine attributes
a: no special abilities


You were on level 9 of the Dungeon.
You visited 1 branch of the dungeon, and saw 9 of its levels.

You collected 630 gold pieces.
You spent 242 gold pieces at shops.

Inventory:

Hand Weapons
 a - the +8 lance "Wyrmbane" {slay drac, rPois rF+ rC+ AC+3}
   (You acquired it on level 1 of the Dungeon)

   It inflicts extra damage against dragons and draconians.
   AC:        It affects your AC (+3).
   rF:        It protects you from fire.
   rC:        It protects you from cold.
   rPois:     It protects you from poison.
 e - a +2 dagger of venom
 s - the +3 falchion of Winter (weapon) {venom, rCorr}
   (You bought it in a shop on level 3 of the Dungeon)

   It poisons the flesh of those it strikes.
   rCorr:     It protects you from acid and corrosion.
 w - a +1 sling of flaming
 A - a +1 long sword of protection
Missiles
 j - 27 stones (quivered)
 o - 14 boomerangs
 G - 3 curare-tipped darts
 L - 10 poisoned darts
Armour
 c - a +0 buckler (worn)
 k - a +0 helmet (worn)
 l - a +2 pair of boots (worn)
 F - a +3 leather armour of cold resistance
 K - a +0 plate armour (worn)
Jewellery
 f - an amulet of the acrobat (around neck)
 r - a ring of positive energy (left hand)
 H - a ring of protection from cold (right hand)
 R - a ring of protection from cold
Wands
 h - a wand of paralysis (16)
 C - a wand of mindburst (20)
 E - a wand of flame (14)
 I - a wand of roots (6)
Scrolls
 i - 8 scrolls of identify
 n - 2 scrolls of immolation {unknown}
 p - 3 scrolls of fog {unknown}
 v - 3 scrolls of teleportation
 y - a scroll of magic mapping {unknown}
 z - 2 scrolls of noise {unknown}
 B - a scroll of poison {unknown}
 D - 2 scrolls of enchant weapon {unknown}
 M - 3 scrolls of fear {unknown}
 O - a scroll of summoning {unknown}
 Q - a scroll of amnesia {unknown}
Potions
 b - 2 potions of cancellation
 d - 2 potions of might
 g - 3 potions of flight
 m - 4 potions of berserk rage {unknown}
 q - 2 potions of haste {unknown}
 u - 2 potions of ambrosia {unknown}
 x - 5 potions of lignification {unknown}
 J - 2 potions of magic {unknown}
 N - 2 potions of curing
Miscellaneous
 P - a condenser vane


   Skills:
 + Level 6.4 Fighting
 + Level 6.8 Long Blades
 + Level 6.5 Polearms
 + Level 3.2 Ranged Weapons
 + Level 2.1 Throwing
 + Level 6.6 Armour
 + Level 3.9 Dodging
 + Level 3.1 Stealth
 + Level 5.5 Shields
 * Level 7.0 Evocations


You had 10 spell levels left.
You didn't know any spells.
Your spell library contained the following spells:

 Spells                   Type           Power      Damage    Failure   Level
 Apportation              Tloc           0%         N/A       99%         1
 Magic Dart               Conj           0%         1d3       99%         1
 Necrotise                Necr           0%         1d4       99%         1
 Sting                    Tmut/Pois      0%         1d3       99%         1
 Summon Small Mammal      Summ           0%         N/A       99%         1
 Call Imp                 Summ           0%         N/A       100%        2
 Poisonous Vapours        Pois/Air       0%         N/A       100%        2
 Mephitic Cloud           Conj/Pois/Air  0%         N/A       100%        3
 Ozocubu's Armour         Ice            0%         N/A       100%        3
 Olgreb's Toxic Radiance  Pois           0%         N/A       100%        4
 Fireball                 Conj/Fire      0%         3d3       100%        5
 Iskenderun's Battlesphe  Conj           0%         2d6       100%        5
 Metabolic Englaciation   Hex/Ice        0%         N/A       100%        5
 Conjure Ball Lightning   Conj/Air       0%         3x3d6     100%        6
 Simulacrum               Ice/Necr       0%         N/A       100%        6
 Orb of Destruction       Conj           0%         9d5       100%        7


Dungeon Overview and Level Annotations

Branches:
Dungeon (9/15)             Temple (0/1) D:7
   Lair: D:8-11         Orc: D:9-12

Shops:
D:3 (   D:8 ?(==


Innate Abilities, Weirdness & Mutations

You have an increased reservoir of magic. (+10% MP)
You shall have no god before yourself.
Your divine heritage dramatically boosts your attributes as you level up.


Message History

You slash the two-headed ogre!
The two-headed ogre looks as sick as possible!
The two-headed ogre is heavily wounded.
You block the orc's attack. You block the two-headed ogre's attack.
The two-headed ogre hits you with a +0 giant club!!
You hit the two-headed ogre.
The two-headed ogre looks as sick as possible!
The two-headed ogre is heavily wounded.
The orc hits you from afar with a +0 trident.
The two-headed ogre completely misses you.
You block the two-headed ogre's attack.
You hit the two-headed ogre but do no damage.
The two-headed ogre looks as sick as possible!
The two-headed ogre is heavily wounded.
The orc hits you but does no damage.
You hit the two-headed ogre.
The two-headed ogre looks as sick as possible!
The two-headed ogre is severely wounded.
The orc barely misses you.
The two-headed ogre hits you with a +0 giant club. x2
You hit the two-headed ogre.
The two-headed ogre looks as sick as possible!
The two-headed ogre is severely wounded.
The orc misses you. The two-headed ogre barely misses you.
The two-headed ogre hits you with a +0 giant club!
You hit the two-headed ogre but do no damage.
The two-headed ogre looks as sick as possible!
The two-headed ogre is almost dead.
You block the orc's attack.
You barely miss the two-headed ogre.
The two-headed ogre is almost dead.
The orc barely misses you.
The two-headed ogre hits you with a +0 giant club!
The two-headed ogre hits you with a +0 giant club!!
* * * LOW HITPOINT WARNING * * *
You completely miss the two-headed ogre.
The two-headed ogre is almost dead.
The orc hits you but does no damage.
The two-headed ogre hits you with a +0 giant club!!
You die...

.....# ###....###
...#### #........##
....#.### ##........#
........####...#.#.##
......#...#.>.####..#
.........o...####...#
.........#.#.#.##...#
.........###...##..##
.........# #.#oO@...#
.........#####.##...#
..........# #......#
.........## ##..#.###
........#####...#...##
........#............#
....................##
.>........####.......##
...#####...###........#


You could see a two-headed ogre (extremely poisoned) and an orc.

Vanquished Creatures
  Maggie (D:6)
  Prince Ribbit (D:9)
  A shadow (D:9)
  A yak (D:6)
  2 wyverns
  Eustachio (D:5)
  2 steam dragons
  Menkaure (D:5)
  Edmund (D:6)
  4 water moccasins
  4 orc warriors
  An ice beast (D:8)
  5 sky beasts
  2 black bears (D:6)
  4 centaurs
  An ogre (D:6)
  2 phantoms (D:6)
  2 kobold brigands
  3 necrophages
  A bullfrog (D:7)
  A gnoll sergeant (D:7)
  5 scorpions
  14 wights
  A howler monkey (D:5)
  2 jellies (D:6)
  A hound (D:4)
  7 orc priests
  A gnoll bouda (D:7)
  6 iguanas
  An orc wizard (D:9)
  Robin (D:3)
  15 gnolls
  13 adders
  3 shadow imps
  2 white imps (D:7)
  An ufetubus (D:5)
  3 worms
  31 orcs
  11 endoplasms
  A giant cockroach (D:1)
  16 goblins
  9 hobgoblins
  A jackal (D:4)
  17 kobolds
  A quokka (D:1)
  5 ball pythons
  4 bats
  3 frilled lizards
  6 rats
222 creatures vanquished.

Vanquished Creatures (others)
  A quokka (D:7)
1 creature vanquished.

Grand Total: 223 creatures vanquished

Notes
Turn   | Place    | Note
-------+----------+-------------------------------------------
     0 | D:1      | Kazon the Demigod Fighter began the quest for the Orb.
     0 | D:1      | Reached XP level 1. HP: 18/18 MP: 3/3
    47 | D:1      | Identified a scroll of acquirement
    47 | D:1      | Acquired the +8 lance "Wyrmbane" {slay drac, rPois rF+ rC+
                  | AC+3}
    47 | D:1      | Found the +8 lance "Wyrmbane" {slay drac, rPois rF+ rC+
                  | AC+3}
   292 | D:1      | Reached XP level 2. HP: 26/26 MP: 4/4
   664 | D:2      | Reached XP level 3. HP: 23/31 MP: 5/5
  1039 | D:2      | Reached skill level 1 in Polearms
  1052 | D:2      | Reached XP level 4. HP: 14/38 MP: 6/6
  1254 | D:3      | Found Umat's Antique Weapon Boutique.
  1473 | D:3      | Bought a crude falchion for 184 gold pieces
  1473 | D:3      | Identified the +3 falchion of Winter {venom, rCorr} (You
                  | bought it in a shop on level 3 of the Dungeon)
  1592 | D:3      | Noticed Robin
  1620 | D:3      | Killed Robin
  1727 | D:3      | Reached XP level 5. HP: 45/45 MP: 7/7
  2296 | D:4      | Reached skill level 1 in Ranged Weapons
  2296 | D:4      | Reached skill level 1 in Dodging
  2296 | D:4      | Reached XP level 6. HP: 51/51 MP: 8/8
  2952 | D:5      | Entered Level 5 of the Dungeon
  2988 | D:5      | Noticed Menkaure
  3147 | D:5      | Killed Menkaure
  3148 | D:5      | Reached XP level 7. HP: 58/58 MP: 9/9
  3162 | D:5      | Reached skill level 1 in Evocations
  3546 | D:5      | Noticed Eustachio
  3579 | D:5      | Killed Eustachio
  3667 | D:5      | Reached skill level 2 in Evocations
  3820 | D:5      | Reached XP level 8. HP: 66/66 MP: 10/10
  4179 | D:6      | Reached skill level 1 in Throwing
  4179 | D:6      | Reached skill level 3 in Evocations
  4527 | D:6      | Noticed Edmund
  4546 | D:6      | Killed Edmund
  4988 | D:6      | Reached XP level 9. HP: 73/73 MP: 11/11
  4996 | D:6      | Reached skill level 5 in Long Blades
  4996 | D:6      | Reached skill level 4 in Evocations
  5045 | D:6      | Reached skill level 5 in Fighting
  5471 | D:6      | Noticed Maggie
  5494 | D:6      | Killed Maggie
  5495 | D:6      | Reached skill level 5 in Polearms
  5495 | D:6      | Reached skill level 5 in Armour
  5703 | D:6      | Reached skill level 5 in Evocations
  5739 | D:6      | Reached skill level 5 in Shields
  5739 | D:6      | Reached skill level 6 in Evocations
  5739 | D:6      | Reached XP level 10. HP: 83/83 MP: 13/13
  5931 | D:7      | HP: 2/83 [gnoll/+0 halberd[a gnoll bouda] (6)]
  6712 | D:7      | Found a staircase to the Ecumenical Temple.
  7400 | D:8      | Found Quzidd's Magic Scroll Emporium.
  7405 | D:8      | Bought a scroll of teleportation for 42 gold pieces
  7581 | D:8      | Found Zoxtaeshakh's Jewellery Boutique.
  7604 | D:8      | Found Heidghoki's Jewellery Shop.
  7984 | D:8      | Found Esumer's Weapon Shop.
  8034 | D:8      | Bought 3 poisoned darts for 16 gold pieces
  8495 | D:9      | Reached skill level 7 in Evocations
  9049 | D:9      | Reached XP level 11. HP: 69/85 MP: 14/14
  9197 | D:9      | Noticed Prince Ribbit
  9214 | D:9      | Killed Prince Ribbit
  9491 | D:9      | Noticed a two-headed ogre
  9520 | D:9      | Demolished by a two-headed ogre

Illustrated notes

Levels and vault maps discovered:
D:1:      dpeg_arrival_three_smaller_balls, layout_basic
D:2:      layout_loops_ring
D:3:      layout_basic, serial_shops, nicolae_shop_stone, st_stairs_9,
          minmay_misc_feat_doors, eino_curves_03, uniq_robin
D:4:      minmay_wonky_spiral, layout_basic,
          mainiacjoe_overflow_surrounded_room, minivault_5
D:5:      layout_cave_pods, uniq_menkaure, uniq_eustachio
D:6:      cheibrodos_barr_body, layout_basic, minmay_crystal_room,
          minmay_pentangle, uniq_maggie, uniq_edmund
D:7:      layout_cave_pools, nicolae_uskayaw_murder_on_the_dancefloor,
          elyvilon_altar_4, minmay_temple_entry_purple_smoke
D:8:      layout_basic, serial_shops, shop_statue, kennysheep_little_box, shop,
          nicolae_shop_window_shopping
D:9:      layout_cave_pools, uniq_prince_ribbit1

Skill      XL: |  1  2  3  4  5  6  7  8  9 10 11 |
---------------+----------------------------------+-----
Fighting       | 3 4 6 |  6.4
Armour         | 3 4 6 |  6.6
Long Blades    | 2 3 4 6 |  6.8
Shields        | 3 4 5 |  5.5
Polearms       | 1 2 4 5 6 |  6.5
Ranged Weapons | 1 2 3 |  3.2
Dodging        | 1 2 3 |  3.9
Evocations     | 2 3 6 7 |  7.0
Throwing       | 1 2 |  2.1
Stealth        | 3 |  3.1

Action                   |  1- 3 |  4- 6 |  7- 9 | 10-12 || total
-------------------------+-------+-------+-------+-------++-------
Melee: Lance             |    60 |    40 |   144 |   109 ||   353
       Long sword        |     1 |       |     9 |    64 ||    74
       Falchion          |       |    71 |   139 |   119 ||   329
 Fire: Sling             |       |    34 |     6 |       ||    40
Throw: Stone             |     4 |     4 |    31 |    44 ||    83
       Dart              |       |       |     6 |       ||     6
  Use: Scroll            |     1 |       |     4 |     3 ||     8
       Potion            |       |       |     1 |       ||     1
Armor: Scale mail        |    32 |    52 |    31 |       ||   115
       Leather armour    |       |       |    30 |       ||    30
       Plate armour      |       |       |    74 |   149 ||   223
Dodge: Dodged            |    43 |    47 |   143 |   140 ||   373
Block: Buckler           |     7 |    20 |    75 |    95 ||   197
